AoeStats
← Grafenstein

Hideout

509385484Analyzed
1v1 RM · 6d ago on Sep 26, 2026· 76m 58s· 2 players
Game mode
Random Map
Map size
Tiny (2 player)
Population
200
Speed
Normal
Resources
Standard
Victory
Conquest
Starting age
Dark Age
Ending age
Imperial Age
RankedLock teamsTeams togetherTeam positionsShared explorationLock speedFull tech treeHidden civsTurbo modeCheats
Victory
Defeat
🇩🇪 Byzantines · Germany
1249
+17
🇫🇷 Saracens · France
1265
-17
Grafenstein
10:44 Feudal Age
10:45 Loom
14:51 Castle Age
13:25 Double-Bit Axe
23:50 Fletching
23:37 Elite Skirmisher
24:22 Padded Archer Armor
25:31 Pikeman
26:08 Bodkin Arrow
33:00 Scale Mail Armor
34:04 Squires
33:55 Arson
35:55 Leather Archer Armor
37:31 Scale Barding Armor
37:14 Horse Collar
37:48 Bow Saw
41:54 Imperial Age
41:41 Treadmill Crane
42:49 Bracer
44:11 Two-Man Saw
45:27 Chemistry
44:46 Forging
45:01 Chain Barding Armor
44:59 Light Cavalry
46:19 Ballistics
46:17 Chain Mail Armor
46:37 Capped Ram
49:43 Guilds
49:55 Conscription
50:45 Plate Barding Armor
50:18 Hussar
52:00 Iron Casting
51:45 Husbandry
52:53 Hoardings
52:33 Halberdier
53:28 Crossbowman
54:42 Cavalier
57:27 Plate Mail Armor
57:27 Ring Archer Armor
58:48 Crossbowman
58:56 Crossbowman
59:42 Thumb Ring
59:47 Crossbowman
64:20 Fortified Wall
64:05 Murder Holes
64:01 Arbalester
66:45 Paladin
67:57 Paladin
74:44 Wheelbarrow
74:14 Siege Ram
75:50 Hand Cart
TapisQuasar6685
6:31 Loom
9:17 Feudal Age
10:38 Double-Bit Axe
13:30 Fletching
19:15 Castle Age
19:21 Gold Mining
19:38 Scale Barding Armor
20:13 Bow Saw
19:33 Crossbowman
20:29 Bodkin Arrow
20:45 Crossbowman
25:33 Thumb Ring
30:16 Man-at-Arms
30:42 Gambesons
30:57 Squires
31:02 Scale Mail Armor
35:32 Wheelbarrow
37:47 Imperial Age
37:54 Imperial Age
36:22 Gold Shaft Mining
36:12 Long Swordsman
38:41 Ballistics
38:54 Bracer
39:59 Chemistry
39:19 Padded Archer Armor
40:46 Hand Cart
40:58 Two-Handed Swordsman
41:10 Arbalester
42:20 Leather Archer Armor
46:11 Chain Mail Armor
49:32 Stone Mining
57:29 Ring Archer Armor
59:30 Bloodlines
59:49 Chain Barding Armor
58:57 Heavy Camel Rider
61:15 Chain Barding Armor
61:08 Forging
65:47 Horse Collar
65:58 Elite Mameluke
67:26 Iron Casting
70:17 Plate Barding Armor
69:16 Elite Skirmisher
70:31 Conscription
Connection lost

Rejoining the realm…

Still unreachable

The connection could not be restored.

Session expired

The server has moved on; the page needs a fresh start.